 Dungeon Crawl Stone Soup version 0.29.0-4-gdea44cf6ec (webtiles) character file.

Game seed: 14323364036583692675

160 qw the Sneak (level 5, -2/32 HPs)
             Began as a Gargoyle Delver on Sept 10, 2022.
             Slain by an iguana (7 damage)
             ... on level 5 of the Dungeon.
             The game lasted 00:01:12 (3675 turns).

qw the Sneak (Gargoyle Delver)                      Turns: 3675, Time: 00:01:12

Health: -2/32      AC: 14    Str: 18    XL:     5   Next: 41%
Magic:  5/5        EV:  5    Int: 10    God:
Gold:   128        SH: 13    Dex: 11    Spells: 4/4 levels left

rFire   . . .      SeeInvis .   Y - +0 hand axe
rCold   . . .      Faith    .   l - +0 kite shield
rNeg    + . .      Spirit   .   c - +0 chain mail
rPois   inf        Reflect  +   (no helmet)
rElec   +          Harm     .   e - +0 cloak
rCorr   +          Rampage  .   r - +0 pair of gloves
Will    .....                   (no boots)
Stlth   ..........              i - amulet of reflection
HPRegen 0.10/turn               n - ring of resist corrosion
MPRegen 0.09/turn               (no ring)

@: about to teleport
A: sickness immunity, AC +4, negative energy resistance 1, electricity
resistance, torment resistance 1, petrification resistance
a: no special abilities


You were on level 5 of the Dungeon.
You visited 1 branch of the dungeon, and saw 5 of its levels.

You collected 128 gold pieces.


Innate Abilities, Weirdness & Mutations

You are immune to sickness and miasma.
Your stone body is resilient. (AC +4)
You are immune to poison.
You resist negative energy. (rN+)
You are resistant to electric shocks. (rElec)
You are resistant to unholy torment.
You are immune to petrification.


   Skills:
 - Level 3.2 Fighting
 - Level 3.7 Axes
 - Level 1.1 Armour
 - Level 1.5 Dodging
 - Level 5.4 Stealth
 + Level 3.3 Shields


You had 4 spell levels left.
You didn't know any spells.
Your spell library was empty.

Inventory:

Hand Weapons
 b - the +3 whip of Deol {holy, rF++ rC- Dex+3}
   (You found it on level 2 of the Dungeon)

   It has been blessed by the Shining One to cause great damage to the undead
   and demons.
   Dex:       It affects your dexterity (+3).
   rF:        It greatly protects you from fire.
   rC:        It makes you vulnerable to cold.
 Y - a +0 hand axe (weapon)
Missiles
 d - 2 boomerangs (quivered)
Armour
 c - a +0 chain mail (worn)
 e - a +0 cloak (worn)
 l - a +0 kite shield (worn)
 r - a +0 pair of gloves (worn)
Jewellery
 i - an amulet of reflection (around neck)
 n - a ring of resist corrosion (left hand)
 q - a ring of fire
Wands
 g - a wand of digging (3)
Scrolls
 o - a scroll of identify
Potions
 a - a potion of berserk rage {unknown}
 f - a potion of haste
 h - 2 potions of mutation {unknown}
 j - a potion of resistance
 k - a potion of might
 m - a potion of curing {unknown}

Dungeon Overview and Level Annotations

Branches:
Dungeon (5/15)
 Temple: D:4-7

Altars:
Gozag
Hepliaklqana

Annotations:
D:5 Ijyb


Message History

The iguana bites you but does no damage.
Ijyb barely misses you.
You miss Ijyb.
Ijyb is lightly wounded.
You barely miss the iguana. Ijyb hits you but does no damage.
The iguana barely misses you.
You bump into the rock wall.
The iguana bites you. Ijyb hits you but does no damage.
You miss Ijyb.
Ijyb is lightly wounded.
You miss the iguana.
You feel less confused. The iguana bites you! You block Ijyb's attack.
You barely miss Ijyb.
Ijyb is lightly wounded.
You closely miss the iguana. You block the iguana's attack.
You block Ijyb's attack. The iguana bites you.
Ijyb hits you with a +1 dagger of electrocution.
You hit Ijyb.
Ijyb is moderately wounded.
You barely miss the iguana. Ijyb hits you but does no damage.
You block the iguana's attack.
You hit Ijyb.
Ijyb is heavily wounded.
You barely miss the iguana. You block the iguana's attack.
You block Ijyb's attack.
You hit Ijyb but do no damage.
Ijyb is heavily wounded.
You barely miss the iguana. The iguana bites you. You block Ijyb's attack.
3674 ||| READING scroll of teleportation.
As you read the scroll of teleportation, it crumbles to dust.
You feel strangely unstable. Ijyb hits you but does no damage.
The iguana bites you but does no damage.
You closely miss Ijyb.
Ijyb is heavily wounded.
You hit the iguana. You block the iguana's attack. You block Ijyb's attack.
The iguana bites you!
You die...

#.######
#....<....#
####.##...#
#####.....#
#....##...#
#.#.#.#
##.####...#
.......# #.#
#...#
......... #.#
#...#
#........##.#
#.####...#
#........# .#
#....%...#
#......... #
#####..l@#
#..g.#
#....####...
#...........
##...####...
#..........
####......#
......#
...####


You could see Ijyb and an iguana.

Vanquished Creatures
  A hound (D:5)
  5 adders
  A worm (D:4)
  2 dart slugs
  5 orcs (D:3)
  5 endoplasms
  6 giant cockroaches
  5 goblins
  10 hobgoblins
  7 jackals (D:1)
  5 kobolds
  2 quokkas
  3 ball pythons
  4 bats
  6 frilled lizards
  3 rats
70 creatures vanquished.

Vanquished Creatures (others)
  5 plants (D:3)
5 creatures vanquished.

Grand Total: 75 creatures vanquished

Notes
Turn   | Place    | Note
-------+----------+-------------------------------------------
     0 | D:5      | qw the Gargoyle Delver began the quest for the Orb.
     0 | D:5      | Reached XP level 1. HP: 14/14 MP: 1/1
     0 | D:5      | 0 ||| qw: Version: 0.1-a-116-g5d60599
     0 | D:5      | 0 ||| qw: Game counter: 9450
     0 | D:5      | 0 ||| qw: Always use a shield: true
     0 | D:5      | 0 ||| qw: God list: Okawaru
     0 | D:5      | 0 ||| qw: Allow faded altars: false
     0 | D:5      | 0 ||| qw: Do Orc after D:15 true
     0 | D:5      | 0 ||| qw: Do second Lair branch before Depths: true
     0 | D:5      | 0 ||| qw: Lair rune preference: random
     0 | D:5      | 0 ||| qw: Plans: Normal
     0 | D:5      | 0 ||| PLANNING D:1-11
    83 | D:5      | 83 ||| DROPPING scroll of fog.
    84 | D:5      | 84 ||| DROPPING scroll of magic mapping.
    85 | D:5      | 85 ||| DROPPING scroll of fear.
   405 | D:4      | 405 ||| UPGRADING to +0 chain mail.
   415 | D:4      | 415 ||| DROPPING +0 leather armour.
   416 | D:4      | 416 ||| UPGRADING to +0 cloak.
   459 | D:2      | Identified the +3 whip of Deol {holy, rF++ rC- Dex+3}
   461 | D:2      | 461 ||| DROPPING +0 mace.
   529 | D:2      | Reached XP level 2. HP: 19/19 MP: 2/2
   562 | D:2      | Reached skill level 1 in Armour
   758 | D:1      | 758 ||| Stepping ~*~*~tactically~*~*~ (stealth).
   760 | D:1      | 760 ||| Stepping ~*~*~tactically~*~*~ (hiding).
   767 | D:1      | Reached XP level 3. HP: 23/23 MP: 3/3
   777 | D:1      | Reached skill level 3 in Axes
   906 | D:1      | Found a faded altar of an unknown god.
  1105 | D:1      | 1105 ||| READING scroll labelled BUSSAI ROTIURA.
  1106 | D:1      | 1106 ||| READING scroll labelled SYHIURYNANN.
  1111 | D:1      | 1111 ||| READING scroll labelled UNOEDD USUMP.
  1147 | D:2      | 1147 ||| STAIRDANCE
  1184 | D:2      | 1184 ||| STAIRDANCE
  1353 | D:2      | 1353 ||| FLEEEEING.
  1354 | D:2      | 1354 ||| FLEEEEING.
  1355 | D:2      | 1355 ||| FLEEEEING.
  1356 | D:2      | 1356 ||| FLEEEEING.
  1358 | D:2      | 1358 ||| STAIRDANCE
  1458 | D:2      | 1458 ||| STAIRDANCE
  1761 | D:2      | Reached XP level 4. HP: 27/28 MP: 4/4
  1950 | D:2      | 1950 ||| UPGRADING to +0 kite shield.
  1955 | D:2      | 1955 ||| DRINKING 2 green potions.
  1976 | D:2      | 1976 ||| DROPPING potion of lignification.
  2056 | D:3      | Found an opulent altar of Gozag.
  2175 | D:3      | Reached skill level 1 in Shields
  2338 | D:3      | Found a hazy altar of Hepliaklqana.
  2630 | D:3      | 2630 ||| DROPPING scarf of harm.
  2631 | D:3      | 2631 ||| UPGRADING to +0 pair of gloves.
  2636 | D:3      | 2636 ||| UPGRADING to ring of resist corrosion.
  2637 | D:3      | 2637 ||| READING scroll labelled CAAT DAQIO.
  2638 | D:3      | 2638 ||| READING scroll labelled RUEREMYAVA.
  2639 | D:3      | 2639 ||| DRINKING 2 white potions.
  2640 | D:3      | 2640 ||| DRINKING 2 silvery potions.
  2641 | D:3      | 2641 ||| DROPPING potion of brilliance.
  2782 | D:4      | 2782 ||| Stepping ~*~*~tactically~*~*~ (hiding).
  3257 | D:4      | Reached XP level 5. HP: 30/32 MP: 5/5
  3520 | D:4      | 3520 ||| UPGRADING to amulet of reflection.
  3525 | D:4      | 3525 ||| DRINKING 2 bubbling dark potions.
  3561 | D:5      | 3561 ||| RIP OSSUARY
  3641 | D:5      | Reached skill level 3 in Shields
  3645 | D:5      | Noticed Ijyb
  3646 | D:5      | 3646 ||| Stepping ~*~*~tactically~*~*~ (hiding).
  3673 | D:5      | HP: 4/32 [iguana (5)]
  3674 | D:5      | 3674 ||| READING scroll of teleportation.
  3675 | D:5      | Slain by an iguana

Levels and vault maps discovered:
D:1:      roderic_chinese_lattice_arrival, layout_rooms,
          chequers_ecumenical_altar_simple
D:2:      layout_loops_cross
D:3:      minmay_door_path, layout_basic, mainiacjoe_overflow_24_doors,
          nicolae_hepliaklqana_hazy_memory
D:4:      layout_loops_corners
D:5:      layout_basic, cheibrodos_ashenzari_chains,
          nicolae_sif_muna_little_library, nicolae_ru_great_annihilating_truth,
          enter_ossuary_4, uniq_crazy_yiuf_cottage, uniq_ijyb, uniq_pikel

Skill      XL: |  1  2  3  4  5 |
---------------+----------------+-----
Axes           | 2 3 |  3.7
Armour         | 1 |  1.1
Shields        | 2 3 |  3.3
Fighting       | |  3.2
Dodging        | |  1.5
Stealth        | |  5.4

Action                   |  1- 3 |  4- 6 || total
-------------------------+-------+-------++-------
Melee: Hand axe          |   118 |    85 ||   203
       Punch             |     1 |       ||     1
Throw: Boomerang         |    41 |    50 ||    91
  Use: Scroll            |     3 |     3 ||     6
       Potion            |       |     4 ||     4
Armor: Leather armour    |    11 |       ||    11
       Chain mail        |    60 |    61 ||   121
Dodge: Dodged            |    43 |    16 ||    59
Block: Kite shield       |       |    35 ||    35

Table legend:
 A = Non-vault XP
 B = Vault XP
 C = Vault XP percentage of total XP
 D = Non-vault monster count
 E = Vault monster count
 F = Vault count percentage of total count
                 A         B        C        D         E       F
            +---------+---------+-------+---------+---------+-------
      Total |     220 |       9 |   3.9 |      66 |       4 |   5.7
            +---------+---------+-------+---------+---------+-------
        D:1 |      45 |       0 |   0.0 |      24 |       0 |   0.0
        D:2 |      40 |       0 |   0.0 |      11 |       0 |   0.0
        D:3 |      28 |       9 |  24.3 |      15 |       4 |  21.1
        D:4 |      67 |       0 |   0.0 |      15 |       0 |   0.0
        D:5 |      40 |       0 |   0.0 |       1 |       0 |   0.0
            +---------+---------+-------+---------+---------+-------
